 Dungeon Crawl Stone Soup version 0.28.0 (webtiles) character file.

Game seed: 16504499597012576870

1493 Jerry the Covered (level 8, -1/70 HPs)
             Began as a Demigod Fighter on Feb 9, 2022.
             Slain by a killer bee (2 damage)
             ... on level 5 of the Dungeon.
             The game lasted 00:15:05 (8401 turns).

Jerry the Covered (Demigod Fighter)                 Turns: 8401, Time: 00:15:06

Health: -1/70      AC:  9    Str: 23    XL:     8   Next: 26%
Magic:  10/10      EV:  9    Int: 10    God:
Gold:   267        SH:  6    Dex: 22    Spells: 7/7 levels left

rFire   . . .      SeeInvis .   a - +1 war axe
rCold   . . .      Faith    .   c - +0 buckler
rNeg    . . .      Spirit   .   b - +0 scale mail
rPois   .          Reflect  .   (no helmet)
rElec   .          Harm     .   (no cloak)
rCorr   +          Rampage  .   (no gloves)
Will    .....                   j - +1 pair of boots
Stlth   ..........              (no amulet)
HPRegen 0.21/turn               n - ring of flight
MPRegen 0.12/turn               h - ring "Jestow" {rCorr Str+2 Dex+5}

@: mighty, lethally poisoned (-1 -> -6), flying
A: high MP 1, forlorn, divine attributes
a: no special abilities


You were on level 5 of the Dungeon.
You visited 1 branch of the dungeon, and saw 7 of its levels.

You collected 267 gold pieces.

Inventory:

Hand Weapons
 a - a +1 war axe (weapon)
Missiles
 r - 5 datura-tipped darts (quivered)
Armour
 b - a +0 scale mail (worn)
 c - a +0 buckler (worn)
 j - a +1 pair of boots (worn)
Magical Staves
 o - a staff of earth
Jewellery
 h - the ring "Jestow" (right hand) {rCorr Str+2 Dex+5}
   (You acquired it on level 6 of the Dungeon)

   [ring of resist corrosion]

   Str:       It affects your strength (+2).
   Dex:       It affects your dexterity (+5).
   rCorr:     It protects you from acid and corrosion.
 n - a ring of flight (left hand)
Scrolls
 e - 2 scrolls of teleportation
 f - 3 scrolls of identify
 k - 3 scrolls of fog
 m - a scroll of magic mapping
Potions
 d - a potion of might
 i - a potion of haste {unknown}
 l - a potion of attraction {unknown}
 p - a potion of mutation {unknown}
 q - 2 potions of heal wounds {unknown}
 s - 2 potions of lignification {unknown}
 t - a potion of degeneration {unknown}


   Skills:
 + Level 5.6 Fighting
 + Level 5.3 Axes
 + Level 5.6 Armour
 - Level 5.1 Shields


You had 7 spell levels left.
You didn't know any spells.
Your spell library contained the following spells:

 Spells                   Type           Power      Damage    Failure   Level
 Shock                    Conj/Air       0%         1d3       75%         1
 Gell's Gravitas          Tloc           0%         N/A       98%         3
 Lesser Beckoning         Tloc           0%         N/A       98%         3
 Swiftness                Air            0%         N/A       98%         3
 Teleport Other           Tloc           0%         N/A       98%         3
 Airstrike                Air            0%         N/A       100%        4


Dungeon Overview and Level Annotations

Branches:
Dungeon (7/15)             Temple (0/1) D:5

Shops:
D:3 (   D:5 *

Annotations:
D:7 Menkaure


Innate Abilities, Weirdness & Mutations

You have an increased reservoir of magic. (+10% MP)
You shall have no god before yourself.
Your divine heritage dramatically boosts your attributes as you level up.


Message History

You feel very sick.
There is a stone staircase leading down here.
You feel sick.
The killer bee stings you but does no damage.
The killer bee closely misses you. The killer bee stings you!
* * * LOW HITPOINT WARNING * * *
The killer bee completely misses you.
The killer bee stings you but does no damage.
You feel sick. The killer bee misses you.
There is an escape hatch in the ceiling here.
You feel sick. The killer bee barely misses you.
You block the killer bee's attack. The killer bee stings you.
* * * LOW HITPOINT WARNING * * *
The killer bee barely misses you. The killer bee stings you.
* * * LOW HITPOINT WARNING * * *
A mysterious force pulls you upwards. The hatch slams shut behind you.
You feel sick.
You feel sick.
The killer bee stings you but does no damage.
You block the killer bee's attack.
The killer bee stings you but does no damage.
You feel sick.
You are no longer poisoned.
You block the killer bee's attack.
The killer bee stings you but does no damage.
You feel very mighty all of a sudden.
The killer bee stings you but does no damage. x2
You barely miss the killer bee.
The killer bee is heavily wounded.
You block the killer bee's attack. The killer bee stings you.
* * * LOW HITPOINT WARNING * * *
You are lethally poisoned!
The killer bee poisons you!
You slice the killer bee!!
You kill the killer bee!
* * * LOW HITPOINT WARNING * * *
You feel sick. The killer bee stings you.
* * * LOW HITPOINT WARNING * * *
The killer bee stings you.
You die...

###.####.......#######.#
###.####.......# ##.##########
......)........# ##...........#
#...####.......#####.....#####.∩#
#...####......................#.#
)).................#.....####.#.#
#...#...............>...## #.#.#
.............#.###.###### #.#.#
#.....######.#.y@..# #.#.#
#...### #.####### #.#.# #...# #.#
#.#.. ....# #.# #.###
..#.########.# #.# #............#
#.### ...#.#######.# #.#.# #..#.#
#.# #.... #.##.# #.# ###.>.


You could see a killer bee.

Vanquished Creatures
  Eustachio (D:4)
  A water moccasin (D:5)
  3 black bears
  A sky beast (D:6)
  A necrophage (D:5)
  2 bullfrogs (D:6)
  3 scorpions
  A killer bee (D:5)
  2 jellies (D:6)
  2 bullfrog zombies
  3 orc priests (D:5)
  A bullfrog skeleton (D:4)
  A centaur skeleton (D:5)
  An iguana (D:4)
  An orc wizard (D:3)
  2 hound skeletons
  4 gnolls
  4 adders
  A river rat (D:4)
  An ufetubus (D:6)
  2 dart slugs
  6 orcs (D:5)
  6 endoplasms
  A giant cockroach (D:4)
  10 goblins
  8 hobgoblins
  13 jackals
  7 kobolds
  3 quokkas
  7 ball pythons
  4 bats
  7 frilled lizards
  4 rats
114 creatures vanquished.

Notes
Turn   | Place    | Note
-------+----------+-------------------------------------------
     0 | D:1      | Jerry the Demigod Fighter began the quest for the Orb.
     0 | D:1      | Reached XP level 1. HP: 18/18 MP: 3/3
   982 | D:1      | You fall into a shaft and drop 1 floor!
  1014 | D:2      | Reached XP level 2. HP: 17/25 MP: 4/4
  2037 | D:1      | Reached XP level 3. HP: 31/31 MP: 5/5
  3124 | D:2      | Reached XP level 4. HP: 6/38 MP: 6/6
  3588 | D:3      | Found Gitt's Antique Weapon Shoppe.
  4199 | D:4      | Reached XP level 5. HP: 23/46 MP: 7/7
  4683 | D:4      | Noticed a black bear
  4693 | D:4      | Killed a black bear
  4694 | D:4      | Reached XP level 6. HP: 46/52 MP: 8/8
  4798 | D:4      | Found a glowing drain.
  4803 | D:4      | Noticed Eustachio
  4833 | D:4      | Killed Eustachio
  5365 | D:5      | Entered Level 5 of the Dungeon
  5380 | D:5      | Reached XP level 7. HP: 53/60 MP: 9/9
  5772 | D:5      | Reached skill level 5 in Fighting
  5772 | D:5      | Reached skill level 5 in Armour
  5772 | D:5      | Reached skill level 5 in Shields
  6870 | D:5      | Found a staircase to the Ecumenical Temple.
  6907 | D:5      | Found Vogazixt's Mayhem Merchandise.
  6995 | D:6      | Reached XP level 8. HP: 62/68 MP: 10/10
  7312 | D:6      | Reached skill level 5 in Axes
  8012 | D:6      | Identified a scroll of acquirement
  8012 | D:6      | Acquired the ring "Jestow" {rCorr Str+2 Dex+5}
  8062 | D:7      | Noticed Menkaure
  8401 | D:5      | HP: 2/70 [poisoned by a killer bee]
  8401 | D:5      | Slain by a killer bee

Illustrated notes

Levels and vault maps discovered:
D:1:      kilobyte_arrival_exit_the_forest, layout_loops_corners,
          shapermc_ecumenical_altar_mp_urbaneastern
D:2:      layout_basic, minmay_tetromino_o4
D:3:      layout_basic, nicolae_ru_great_annihilating_truth, serial_shops,
          nicolae_shop_stone
D:4:      layout_rooms, cheibrodos_sewer_entry_sluice, small_statue_alley_b,
          kennysheep_small_square, uniq_eustachio
D:5:      layout_loops_ring, minmay_temple_entry_drinking_statues,
          minmay_shop_mayhem, bh_walls_and_bars
D:6:      layout_layer_cave
D:7:      gammafunk_corrupted_shrine, layout_rooms, minmay_shop_mass,
          uniq_menkaure

Skill      XL: |  1  2  3  4  5  6  7  8 |
---------------+-------------------------+-----
Axes           | 2 3 4 5 |  5.3
Armour         | 3 4 5 |  5.6
Fighting       | 3 4 5 |  5.6
Shields        | 3 4 5 |  5.1

Action                   |  1- 3 |  4- 6 |  7- 9 || total
-------------------------+-------+-------+-------++-------
Melee: War axe           |   130 |   195 |   131 ||   456
Throw: Dart              |       |     1 |       ||     1
  Use: Scroll            |       |     7 |     1 ||     8
       Potion            |       |       |     3 ||     3
 Stab: Paralysed         |       |     1 |       ||     1
Armor: Scale mail        |    70 |   108 |    62 ||   240
Dodge: Dodged            |    76 |   122 |    57 ||   255
Block: Buckler           |    25 |    60 |    47 ||   132
